 Dungeon Crawl Stone Soup version 0.13.0-19-g8e0b589 (webtiles) character file.

105 Malachi the Skirmisher (level 3, -3/30 HPs)
             Began as a Mummy Fighter on Oct 24, 2013.
             Slain by a gnoll
             ... wielding a +0,+0 halberd
              (12 damage)
             ... on Level 2 of the Dungeon.
             The game lasted 00:01:54 (1387 turns).

Malachi the Skirmisher (Mummy Fighter)              Turns: 1387, Time: 00:01:54

HP  -3/30        AC  6     Str 20      XL: 3   Next: 82%
MP   2/2         EV  6     Int  7      God:
Gold 45          SH 17     Dex 11      Spells:  0 memorised,  2 levels left

Res.Fire  : x . .   See Invis. : .   a - +0 mace
Res.Cold  : + . .   Warding    : .   b - +0 scale mail
Life Prot.: + + +   Conserve   : .   c - +0 shield
Res.Poison: +       Res.Corr.  : .   (no helmet)
Res.Elec. : .       Clarity    : .   (no cloak)
Sust.Abil.: . .     Spirit.Shd : .   (no gloves)
Res.Mut.  : .       Stasis     : .   (no boots)
Res.Rott. : +       Flight     : .   (no amulet)
Saprovore : . . .                    (no ring)
                                     (no ring)

@: slightly resistant to hostile enchantments, extremely unstealthy
A: no food or potions, fire vulnerability, restore body, cold resistance 1, life
protection 3, poison resistance, torment resistance, unbreathing
a: no special abilities


You were on level 2 of the Dungeon.
You were not hungry.

You visited 1 branch of the dungeon, and saw 3 of its levels.

You collected 25 gold pieces.

Inventory:

Hand weapons
 a - a +0,+0 mace (weapon)
Armour
 b - a +0 scale mail (worn)
 c - a +0 shield (worn)
Scrolls
 e - a scroll of curse armour {unknown}
 f - 3 scrolls of identify {unknown}
 g - a scroll of curse weapon {unknown}
 h - a scroll of remove curse {unknown}
 i - a scroll of fear {unknown}
 j - a scroll of recharging {unknown}
Jewellery
 d - an uncursed ring of ice


   Skills:
 - Level 3.0 Fighting
 * Level 3.0 Maces & Flails
 - Level 2.4 Armour
 + Level 1.3 Dodging
 - Level 2.4 Shields


You had 2 spell levels left.
You didn't know any spells.

Dungeon Overview and Level Annotations

Branches:
Dungeon (3/27)

Altars:


Innate Abilities, Weirdness & Mutations

You do not eat or drink.
Your flesh is vulnerable to fire.
Your flesh is cold resistant.
You are immune to negative energy.
Your system is resistant to poisons.
You are immune to unholy pain and torment.
You can survive without breathing.


Message History

You kill the goblin!
You block the gnoll's attack. The gnoll hits you but does no damage.
The gnoll hits you with a halberd.
Things that are here:
a sling; 25 stones The gnoll picks up a sling.
The gnoll picks up 25 stones.
The gnoll unwields an uncursed halberd.
The gnoll wields a sling.
The gnoll shoots a stone.
The stone hits you!
The gnoll shoots a stone.
The stone hits you! The gnoll barely misses you.
You hit the gnoll.
The gnoll is heavily wounded.
The gnoll hits you.
* * * LOW HITPOINT WARNING * * *
Your shield and scale mail prevent you from hitting the gnoll.
You barely miss the gnoll.
The gnoll unwields an uncursed sling.
The gnoll wields an uncursed halberd.
You block the gnoll's attack.
You completely miss the gnoll.
The gnoll hits you with an uncursed halberd!
You die...

.#..........#.#...# #
.#.#.#......#.#)..### #
'#.#.#......#.()....# #
..)#.#......#######.# #
...#.#......# #.# # ...#.#.####.#
#.# # ...#.#.# #.# #.# #
.....#.####.#######.#############
.............(..@gg..>.!.........
...#######..#######.#.###########
##.# #..#..# #.#.# #.# #..#..#
#.#.# #.# #..#..#######.#.#
#.####..#..........#.#
#.......#.##########.#
########.#.# #.# .........#.# #.#


You could see 2 gnolls.

Vanquished Creatures
  An adder (D:2)
  2 worms (D:2)
  A giant gecko (D:2)
  3 giant cockroaches
  6 goblins
  8 hobgoblins
  An ooze (D:2)
  6 bats
  2 giant newts (D:2)
  3 kobolds
  7 rats
40 creatures vanquished.

Notes
Turn   | Place    | Note
--------------------------------------------------------------
     0 | D:1      | Malachi, the Mummy Fighter, began the quest for the Orb.
     0 | D:1      | Reached XP level 1. HP: 18/18 MP: 0/0
   157 | D:1      | Reached XP level 2. HP: 22/24 MP: 1/1
   588 | D:2      | Reached skill level 1 in Dodging
   624 | D:2      | Reached XP level 3. HP: 27/30 MP: 2/2
  1387 | D:2      | Slain by a gnoll

Action                   || total
-------------------------++-------
Melee: Mace              ||   131
